 Dungeon Sprint DCSS version 0.24-a0-439-g6dd8730de2 (webtiles) character file.

Game seed: 6056123490869287419

3215 mahrnol the Basher (level 9, 0/89 HPs)
             Began as a Minotaur Fighter on June 17, 2019.
             Was an Elder of Makhleb.
             Succumbed to a black mamba's poison
             ... in the Dungeon (Sprint IX: "|||||||||||||||||||||||||||||").
             The game lasted 00:05:32 (941 turns).

mahrnol the Basher (Minotaur Fighter)                Turns: 941, Time: 00:05:33

Health: 0/89       AC: 14    Str: 24    XL:     9   Next: 65%
Magic:  15/15      EV: 11    Int:  5    God:    Makhleb [****..]
Gold:   25         SH: 12    Dex: 10    Spells: 8/8 levels left

rFire    . . .     SeeInvis .   a - +0 flail
rCold    . . .     Gourm    .   c - +0 shield
rNeg     . . .     Faith    .   u - +1 scale mail
rPois    .         Spirit   .   (helmet restricted)
rElec    .         Reflect  .   (no cloak)
rCorr    .         Harm     .   t - +0 pair of gloves
MR       .....     NoTele   +   (no boots)
Stlth    ..........             (no amulet)
HPRegen  0.24/turn              b - +2 ring of evasion
MPRegen  0.14/turn              v - +2 ring of protection

@: lethally poisoned (0 -> -53)
A: retaliatory headbutt, horns 2
a: Minor Destruction, Lesser Servant of Makhleb, Major Destruction, Renounce
Religion


You were in the Dungeon.
You worshipped Makhleb.
Makhleb was greatly pleased with you.
You were not hungry.

You visited 1 branch You collected 25 gold pieces.

Inventory:

Hand Weapons
 a - a +0 flail (weapon)
 p - a +1 broad axe of freezing
 q - a +2 dire flail of crushing
 r - a +4 quarterstaff of speed
 s - the +2 scimitar "Bori" {flame, rN+}
   (You found it in the Dungeon)

   It has been specially enchanted to burn those struck by it, causing extra
   injury to most foes and up to half again as much damage against particularly
   susceptible opponents.
   Big, fiery blades are also staple armaments of hydra-hunters.
   It protects you from negative energy.
Missiles
 d - 46 arrows
Armour
 c - a +0 shield (worn)
 t - a +0 pair of gloves (worn)
 u - a +1 scale mail (worn)
Jewellery
 b - a +2 ring of evasion (left hand)
 v - a +2 ring of protection (right hand)
Wands
 o - a wand of acid (10)
Scrolls
 k - 4 scrolls of blinking
 m - 4 scrolls of remove curse
 n - 2 scrolls of amnesia
 y - a scroll of fear
 z - 2 scrolls of enchant weapon
Potions
 e - a potion of invisibility
 g - 7 potions of heal wounds
 h - 2 potions of haste
 i - 4 potions of magic
 j - a potion of berserk rage
 l - 4 potions of curing
 w - a potion of agility
 x - a potion of brilliance
Comestibles
 f - a ration


   Skills:
 + Level 11.6 Fighting
 - Level 14.0 Maces & Flails
 + Level 12.7 Armour
 + Level 11.1 Shields
 * Level 9.6 Invocations


You had 8 spell levels left.
You didn't know any spells.
Your spell library was empty.

Dungeon Overview and Level Annotations

Branches:
Dungeon (1/1)

Altars:
Cheibriados
Dithmenos
Elyvilon
Fedhas
Gozag
Hepliaklqana
Kikubaaqudgha
Makhleb
Nemelex Xobeh
Okawaru
Qazlal
Ru
Sif Muna
Trog
Uskayaw
Vehumet
Wu Jian
Xom
Yredelemnul
Zin
The Shining One
Beogh
Jiyva
Lugonu


Innate Abilities, Weirdness & Mutations

You reflexively headbutt those who attack you in melee.
You have a pair of horns on your head.


Message History

The black mamba poisons you! The black mamba bites you.
You barely miss the black mamba. Your headbutt misses the black mamba.
The black mamba is almost dead.
You feel sick. The black mamba bites you!
* * * LOW HITPOINT WARNING * * *
You closely miss the black mamba.
The black mamba is almost dead.
* * * LOW HITPOINT WARNING * * *
You feel sick. You block the black mamba's attack.
You closely miss the black mamba.
The black mamba is almost dead.
* * * LOW HITPOINT WARNING * * *
You feel sick. The black mamba bites you!
* * * LOW HITPOINT WARNING * * *
You are more poisoned.
The black mamba poisons you! The black mamba bites you.
* * * LOW HITPOINT WARNING * * *
You miss the black mamba.
The black mamba is almost dead.
You die...

▓.▓_▓
▓.▓.▓_▓
▓.▓.▓_▓
▓.▓.▓_▓
▓.▓.▓_▓
▓t▓.▓_▓
▓S▓.▓_▓
▓S▓.▓_▓
▓@▓.▓_▓
▓.▓.▓_▓
▓.▓.▓_▓
▓.▓.▓_▓
▓.▓.▓'▓
▓(▓.▓.▓
▓.▓.▓.▓
▓.▓.▓.▓
▓.▓.▓.▓


You could see a black mamba, a water moccasin and a crocodile.

Vanquished Creatures
  A centaur warrior (D)
  An unseen horror (D)
  A manticore (D)
  A spiny frog (D)
  A troll (D)
  A blink frog (D)
  A hippogriff (D)
  2 yaks (D)
  An acid dragon (D)
  An orc warrior (D)
  A centaur (D)
  2 bullfrogs (D)
  A scorpion (D)
  A howler monkey (D)
  A hound (D)
  A worker ant (D)
  A dart slug (D)
  A leopard gecko (D)
  An orc (D)
  A giant cockroach (D)
  2 goblins (D)
  A jackal (D)
  A kobold (D)
  A quokka (D)
27 creatures vanquished.

Notes
Turn   | Place    | Note
-------+----------+-------------------------------------------
     0 | D        | mahrnol the Minotaur Fighter began the quest for the Orb.
     0 | D        | Reached XP level 1. HP: 19/19 MP: 0/0
    21 | D        | Reached skill level 3 in Maces & Flails
    21 | D        | Reached XP level 2. HP: 26/28 MP: 1/1
    42 | D        | Noticed a scorpion
    55 | D        | Reached skill level 5 in Fighting
    55 | D        | Reached skill level 4 in Maces & Flails
    55 | D        | Reached skill level 5 in Armour
    55 | D        | Reached skill level 5 in Shields
    55 | D        | Reached XP level 3. HP: 4/36 MP: 2/2
    63 | D        | Killed a scorpion
    63 | D        | Reached skill level 5 in Maces & Flails
    63 | D        | Reached XP level 4. HP: 18/44 MP: 3/3
   248 | D        | Found a roughly hewn altar of Beogh.
   248 | D        | Found a snail-covered altar of Cheibriados.
   248 | D        | Found a shadowy altar of Dithmenos.
   248 | D        | Found a white marble altar of Elyvilon.
   248 | D        | Found a blossoming altar of Fedhas.
   248 | D        | Found an opulent altar of Gozag.
   249 | D        | Found a hazy altar of Hepliaklqana.
   250 | D        | Found a viscous altar of Jiyva.
   251 | D        | Found an ancient bone altar of Kikubaaqudgha.
   252 | D        | Found a corrupted altar of Lugonu.
   253 | D        | Found a burning altar of Makhleb.
   254 | D        | Found a sparkling altar of Nemelex Xobeh.
   255 | D        | Found an iron altar of Okawaru.
   256 | D        | Found a stormy altar of Qazlal.
   257 | D        | Found a sacrificial altar of Ru.
   258 | D        | Found a deep blue altar of Sif Muna.
   259 | D        | Found a bloodstained altar of Trog.
   260 | D        | Found a hide-covered altar of Uskayaw.
   261 | D        | Became a worshipper of Makhleb the Destroyer
   262 | D        | Found a radiant altar of Vehumet.
   263 | D        | Found an ornate altar of the Wu Jian Council.
   264 | D        | Found a shimmering altar of Xom.
   265 | D        | Found a basalt altar of Yredelemnul.
   266 | D        | Found a glowing silver altar of Zin.
   267 | D        | Found a glowing golden altar of the Shining One.
   284 | D        | Got the +2 scimitar "Bori" {flame, rN+}
   312 | D        | Noticed a bullfrog
   312 | D        | Noticed a yak
   312 | D        | Noticed a centaur
   318 | D        | Killed a centaur
   318 | D        | Reached skill level 7 in Maces & Flails
   318 | D        | Reached XP level 5. HP: 48/51 MP: 3/5
   325 | D        | Killed a yak
   325 | D        | Reached skill level 8 in Maces & Flails
   325 | D        | Reached XP level 6. HP: 59/61 MP: 3/8
   334 | D        | Reached * piety under Makhleb
   334 | D        | Reached skill level 9 in Maces & Flails
   346 | D        | Reached skill level 5 in Invocations
   369 | D        | Killed an unseen horror
   369 | D        | Reached ** piety under Makhleb
   369 | D        | Reached skill level 11 in Maces & Flails
   369 | D        | Reached skill level 10 in Armour
   369 | D        | Reached XP level 7. HP: 39/70 MP: 8/11
   516 | D        | Noticed a manticore
   516 | D        | Noticed a centaur warrior
   516 | D        | Noticed a troll
   519 | D        | Killed a troll
   519 | D        | Reached XP level 8. HP: 79/79 MP: 12/12
   523 | D        | Reached skill level 12 in Maces & Flails
   532 | D        | Killed a centaur warrior
   532 | D        | Reached skill level 10 in Fighting
   532 | D        | Reached skill level 13 in Maces & Flails
   537 | D        | Reached *** piety under Makhleb
   537 | D        | Reached skill level 10 in Shields
   537 | D        | Reached XP level 9. HP: 75/86 MP: 12/14
   545 | D        | Killed a manticore
   897 | D        | Noticed a black mamba
   897 | D        | Noticed a spiny frog
   910 | D        | Reached **** piety under Makhleb
   910 | D        | Reached skill level 14 in Maces & Flails
   920 | D        | Killed a spiny frog
   940 | D        | HP: 4/89 [black mamba (5)]
   941 | D        | Succumbed to a black mamba's poison

Levels and vault maps discovered:
D:        linesprint [early_d, line_temple, items_1, d_10, items_2, lair_1,
          lair_end, items_3, orc_1, orc_end, items_4, d_15, swamp_1, shoals_1,
          snake_1, spider_1, d_20, vaults_1, items_5, swamp_end, shoals_end,
          snake_end, spider_end, vaults_end, d_27, items_6, zot_1, zot_end,
          crypt_end, forest_end, elf_end, slime_end, tomb_end, abyss_end,
          pan_hell_end]

Skill      XL: |  1  2  3  4  5  6  7  8  9 |
---------------+----------------------------+-----
Fighting       | 4 5 6 7 9 10 11 | 11.6
Armour         | 4 5 6 7 8 10 11 12 | 12.7
Shields        | 4 5 6 7 8 9 10 11 | 11.1
Maces & Flails | 3 4 5 7 8 11 13 14 | 14.0
Invocations    | 2 4 6 7 8 9 |  9.6

Action                   |  1- 3 |  4- 6 |  7- 9 || total
-------------------------+-------+-------+-------++-------
Melee: Flail             |    37 |    53 |    70 ||   160
       Headbutt          |     5 |     9 |    14 ||    28
  Use: Potion            |     1 |       |     1 ||     2
Armor: Scale mail        |    10 |    23 |    23 ||    56
Dodge: Dodged            |    10 |    12 |    18 ||    40
Block: Shield            |    13 |    26 |    34 ||    73

Table legend:
 A = Non-vault XP
 B = Vault XP
 C = Vault XP percentage of total XP
 D = Non-vault monster count
 E = Vault monster count
 F = Vault count percentage of total count
                 A         B        C        D         E       F
            +---------+---------+-------+---------+---------+-------
      Total |       0 |    4594 | 100.0 |       0 |      27 | 100.0
            +---------+---------+-------+---------+---------+-------
          D |       0 |    4594 | 100.0 |       0 |      27 | 100.0
            +---------+---------+-------+---------+---------+-------
